 Dungeon Crawl Stone Soup version 0.29.1-4-g47bece8355 (webtiles) character file.

Game seed: 729528570146601807

47 DoIIoM the Caller (level 3, -1/21 HPs)
             Began as an Octopode Summoner on Dec 2, 2022.
             Slain by a gnoll
             ... wielding a +0 flail
              (3 damage)
             ... on level 3 of the Dungeon.
             The game lasted 00:03:28 (1535 turns).

DoIIoM the Caller (Octopode Summoner)               Turns: 1535, Time: 00:03:28

Health: -1/21      AC:  3    Str:  7    XL:     3   Next: 70%
Magic:  4/6        EV: 13    Int: 19    God:
Gold:   119        SH:  0    Dex: 12    Spells: 4/7 levels left

rFire   . . .      SeeInvis .   b - +0 hand axe (venom)
rCold   . . .      Faith    .   (no shield)
rNeg    . . .      Spirit   .   c - +2 hat
rPois   .          Reflect  .   (no amulet)
rElec   .          Harm     .   (no ring)
rCorr   .          Rampage  .   (no ring)
Will    .....                   (no ring)
Stlth   +++.......              (no ring)
HPRegen 0.07/turn               (no ring)
MPRegen 0.10/turn               (no ring)
                                (no ring)
                                (no ring)

@: no status effects
A: almost no armour, amphibious, 8 rings, camouflage 1, gelatinous body 1,
(nimble swimmer 1), tentacles
a: no special abilities


You were on level 3 of the Dungeon.
You visited 1 branch of the dungeon, and saw 3 of its levels.

You collected 119 gold pieces.

Inventory:

Hand Weapons
 b - a +0 hand axe of venom (weapon)
Armour
 c - a +2 hat (worn)
Scrolls
 d - 2 scrolls of identify {unknown}
 f - a scroll of brand weapon {unknown}
 h - a scroll of teleportation {unknown}
 i - a scroll of enchant armour {unknown}
 j - a scroll of fear {unknown}
 k - a scroll of fog {unknown}
Potions
 a - 2 potions of magic
 e - a potion of curing {unknown}
 g - 2 potions of mutation {unknown}


   Skills:
 - Level 2.0 Dodging
 + Level 3.9 Stealth
 + Level 2.6 Spellcasting
 + Level 4.4 Summonings


You had 4 spell levels left.
You knew the following spells:

 Your Spells              Type           Power      Damage    Failure   Level
a - Summon Small Mammal   Summ           76%        N/A       2%          1
b - Call Imp              Summ           19%        N/A       3%          2

Your spell library contained the following spells:

 Spells                   Type           Power      Damage    Failure   Level
 Call Canine Familiar     Summ           19%        N/A       8%          3
 Summon Guardian Golem    Hex/Summ       11%        N/A       19%         3
 Summon Lightning Spire   Summ/Air       11%        N/A       54%         4


Dungeon Overview and Level Annotations

Branches:
Dungeon (3/15)

Altars:
Uskayaw

Shops:
D:3 :

Annotations:
D:2 Sigmund, Terence


Innate Abilities, Weirdness & Mutations

You cannot wear most types of armour.
You are amphibious.
You can wear up to eight rings at the same time.
Your skin changes colour to match your surroundings (Stealth+).
Your rubbery body absorbs attacks. (AC +1, EV +1)
((You are camouflaged when in or above water. (Stealth+)))
You have tentacles for arms and can constrict up to eight enemies at once.


Message History

You see here a staff of fire.
A gnoll comes into view. It is wielding a +0 spear.
The helpless gnoll fails to defend itself.
You hit the gnoll but do no damage.
The gnoll is poisoned.
Your grab misses the gnoll. The gnoll barely misses you.
You hit the gnoll. Your grab misses the gnoll. You tentacle-slap the gnoll.
The gnoll is moderately wounded.
The gnoll hits you with a +0 spear. The gnoll closely misses you.
You hit the gnoll.
The gnoll looks as sick as possible!
Your grab misses the gnoll. You squeeze the gnoll.
You kill the gnoll!
HP restored. 2 gnolls come into view.
The gnoll shouts!
You see here a +0 spear.
Casting: Call Imp (safe; 3% risk of failure)
Confirm with . or Enter, or press ? or * to list all spells.
A beastly little devil appears in a puff of frigid air.
The gnoll shouts!
The gnoll closely misses you.
You hit the gnoll but do no damage.
The gnoll is poisoned.
Your grab misses the gnoll. The gnoll hits you with a +0 flail.
The gnoll hits your white imp with a +0 flail.
Your white imp barely misses the gnoll.
Unknown command.
You closely miss the gnoll. You grab the gnoll.
You constrict the gnoll, but do no damage.
The gnoll hits you with a +0 flail!
Ouch! That really hurt!
The gnoll barely misses your white imp.
Your white imp hits the gnoll but does no damage.
Unknown command.
You release your grip on the gnoll.
Your white imp closely misses the gnoll.
Unknown command.
The gnoll attacks as you move away! The gnoll hits you with a +0 flail.
* * * LOW HITPOINT WARNING * * *
The gnoll attacks as you move away! The gnoll barely misses you.
The gnoll attacks as you move away! The gnoll hits you with a +0 flail.
You die...

#...#.#### #. ##..>#..#
#. #.#..##.# #.
#.#..##.# ##. #
####|#..##.#####..
#.#####....#..##.....###
#g..5###..⌠.⌠.######.#..
#)##....∩.......#.##.
#.##@##⌠.⌠......#.#..
#.gg.#..#..#....#.#..
####.#.#........#.#.#
#.#. #.......#.... #.#.
#.###.#####†. #.#. ..#
#... ... #.#.# ## # ##
### #.#.# #.#.#


You could see 2 gnolls.

Vanquished Creatures
  A gnoll (D:3)
  3 dart slugs
  2 endoplasms
  A giant cockroach (D:3)
  2 goblins
  3 hobgoblins
  2 kobolds (D:1)
  4 quokkas
  3 ball pythons
  3 bats
  2 frilled lizards
  3 rats
29 creatures vanquished.

Vanquished Creatures (collateral kills)
  A ball python (D:1)
1 creature vanquished.

Grand Total: 30 creatures vanquished

Notes
Turn   | Place    | Note
-------+----------+-------------------------------------------
     0 | D:1      | DoIIoM the Octopode Summoner began the quest for the Orb.
     0 | D:1      | Reached XP level 1. HP: 11/11 MP: 3/3
   177 | D:1      | Reached XP level 2. HP: 17/17 MP: 5/5
   180 | D:1      | Learned a level 2 spell: Call Imp
   769 | D:2      | Reached XP level 3. HP: 21/21 MP: 3/6
   988 | D:2      | Noticed Sigmund
  1141 | D:2      | Noticed Terence
  1221 | D:3      | Found a hide-covered altar of Uskayaw.
  1436 | D:3      | Found Aveng's Book Emporium.
  1535 | D:3      | Slain by a gnoll

Illustrated notes

Levels and vault maps discovered:
D:1:      minmay_arrival_five_plusses, layout_basic, minmay_tree_intersection
D:2:      layout_basic, kennysheep_cross_bottleneck, minmay_bisected,
          uniq_terence, uniq_sigmund
D:3:      layout_basic, nicolae_uskayaw_dance_hall, nzn_hepliaklqana_mist_gate,
          serial_shops, shop_fountains, serial_co_window_serial,
          co_window_paths_a, co_window_corner_a, co_window_corner_a,
          co_window_paths_a, co_window_of_opportunity_a, co_window_paths_b,
          co_window_paths_b, co_window_of_opportunity_a, co_window_paths_a,
          co_window_of_opportunity_b, co_window_broadway_c, co_window_2corner,
          co_window_4corner_a, glass_columns_a, dreamdust_mushroom_princess

Skill      XL: |  1 |
---------------+----+-----
Stealth        | 3 |  3.9
Dodging        | |  2.0
Spellcasting   | |  2.6
Summonings     | |  4.4

Action                   || total
-------------------------++-------
Melee: Hand axe          ||    54
       Tentacles         ||     8
       Unarmed           ||     1
       Constrict         ||    11
       Punch             ||     2
 Cast: Summon Small Mamm ||     1
       Call Imp          ||     3
 Stab: Sleeping          ||    12
Armor: Skin              ||     7
Dodge: Dodged            ||    31
